 Dungeon Crawl Stone Soup version 0.24-a0-441-g27f0392e16 (webtiles) character file.

Game seed: 17477918652845348153

450 galech the Covered (level 6, 48/48 HPs)
             Began as a Demonspawn Fighter on June 18, 2019.
             Quit the game on level 3 of the Dungeon on June 19, 2019.
             The game lasted 00:04:27 (3247 turns).

galech the Covered (Demonspawn Fighter)             Turns: 3247, Time: 00:04:28

Health: 48/48      AC:  7    Str: 16    XL:     6   Next: 74%
Magic:  6/6        EV:  9    Int: 10    God:
Gold:   141        SH: 11    Dex: 14    Spells: 5/5 levels left

rFire    . . .     SeeInvis .   a - +0 war axe
rCold    . . .     Gourm    .   g - +2 shield {rPois}
rNeg     + . .     Faith    .   l - +3 leather armour {rN+}
rPois    +         Spirit   .   v - +0 helmet
rElec    .         Reflect  .   (no cloak)
rCorr    .         Harm     .   (no gloves)
MR       +....                  (no boots)
Stlth    +.........             (no amulet)
HPRegen  0.16/turn              c - ring of protection from magic
MPRegen  0.10/turn              (no ring)

@: no status effects
A: hooves 1, demonic guardian 1
a: no special abilities


You were on level 3 of the Dungeon.
You were not hungry.

You visited 1 branch of the dungeon, and saw 3 of its levels.

You collected 141 gold pieces.

Inventory:

Hand Weapons
 a - a +0 war axe (weapon)
Armour
 b - a +0 scale mail
 g - a +2 shield of poison resistance (worn)
 l - a +3 leather armour of positive energy (worn)
 v - a +0 helmet (worn)
Jewellery
 c - a ring of protection from magic (left hand)
Scrolls
 i - 3 scrolls of teleportation
 j - a scroll of random uselessness {unknown}
 m - 2 scrolls of identify {unknown}
 p - a scroll of magic mapping {unknown}
 q - 2 scrolls of remove curse
 t - a scroll of amnesia {unknown}
 u - a scroll of enchant armour {unknown}
Potions
 e - a potion of haste {unknown}
 h - a potion of lignification {unknown}
 k - a potion of mutation {unknown}
 n - 2 potions of flight {unknown}
 o - a potion of agility {unknown}
 r - a potion of curing {unknown}
 s - a potion of degeneration {unknown}
Comestibles
 d - 2 chunks of flesh
 f - 9 rations


   Skills:
 + Level 4.0 Fighting
 + Level 4.2 Axes
 + Level 4.2 Armour
 + Level 1.2 Dodging
 + Level 0.1 Stealth
 + Level 3.6 Shields


You had 5 spell levels left.
You didn't know any spells.
Your spell library was empty.

Dungeon Overview and Level Annotations

Branches:
Dungeon (3/15)

Altars:
Elyvilon
Fedhas
Qazlal
Sif Muna


Innate Abilities, Weirdness & Mutations

You have large cloven feet.
A weak demonic guardian rushes to your aid.


Message History

You miss the frilled lizard. Your kick misses the frilled lizard.
The frilled lizard bites you but does no damage.
You hit the frilled lizard.
You kill the frilled lizard!
No target in view!
No target in view!
No target in view!
No target in view!
No target in view!
You see here a frilled lizard corpse.
You butcher the frilled lizard corpse.
d - 2 chunks of flesh (gained 1)
You see here a frilled lizard skeleton.
Found 26 stones.
A hobgoblin comes into view. It is wielding a +0 club.
The hobgoblin shouts!
A hobgoblin is nearby!
Welcome back, galech the Demonspawn Fighter.
Press ? for a list of commands and other information.
Are you sure you want to abandon this character and quit the game? (Confirm with "yes".)

#..(# #..
########...#####..
#>...)÷'...'......
#.######...#####..
#.# #...# #.. ###
#÷# #...# ###
#...##.# #...#
+......##########
### #..(##@.....g.
.... #.. #########
#### #. #


You could see a hobgoblin.

Vanquished Creatures
  Sigmund (D:3)
  An orc wizard (D:3)
  Jessica (D:2)
  Natasha (thrice) (D:2)
  8 adders
  2 worms (D:2)
  A dart slug (D:3)
  A leopard gecko (D:1)
  13 orcs (D:3)
  2 ball pythons
  7 bats
  3 giant cockroaches
  9 goblins
  4 hobgoblins
  4 jackals
  8 kobolds
  2 frilled lizards (D:3)
  7 rats
  2 fungi (D:2)
79 creatures vanquished.

Vanquished Creatures (others)
  An orc wizard (D:3)
1 creature vanquished.

Grand Total: 80 creatures vanquished

Notes
Turn   | Place    | Note
-------+----------+-------------------------------------------
     0 | D:1      | galech the Demonspawn Fighter began the quest for the Orb.
     0 | D:1      | Reached XP level 1. HP: 18/18 MP: 1/1
   267 | D:1      | Gained mutation: You have large cloven feet. [demonic
                  | ancestry]
   267 | D:1      | Reached XP level 2. HP: 24/24 MP: 2/2
   631 | D:2      | Noticed Jessica
   649 | D:1      | Reached XP level 3. HP: 10/29 MP: 3/3
  1109 | D:2      | Killed Jessica
  1332 | D:2      | Found a deep blue altar of Sif Muna.
  1353 | D:2      | Found a white marble altar of Elyvilon.
  1407 | D:2      | Found a blossoming altar of Fedhas.
  1424 | D:2      | Reached XP level 4. HP: 35/35 MP: 4/4
  1446 | D:2      | Noticed Natasha
  1456 | D:2      | Killed Natasha
  1643 | D:2      | Noticed Natasha
  1657 | D:2      | HP: 1/35 [Natasha/magic dart (7)]
  1659 | D:2      | Killed Natasha
  2005 | D:2      | Reached XP level 5. HP: 35/41 MP: 5/5
  2363 | D:2      | Noticed Natasha
  2369 | D:2      | Killed Natasha
  2662 | D:3      | Noticed Sigmund
  2680 | D:3      | Killed Sigmund
  2680 | D:3      | Reached skill level 1 in Dodging
  2680 | D:3      | Gained mutation: A weak demonic guardian rushes to your
                  | aid. [demonic ancestry]
  2680 | D:3      | Reached XP level 6. HP: 22/48 MP: 6/6
  3195 | D:3      | Found a stormy altar of Qazlal.
  3247 | D:3      | Upgraded the game from 0.24-a0-439-g6dd8730de2 to
                  | 0.24-a0-441-g27f0392e16
  3247 | D:3      | Quit the game

Levels and vault maps discovered:
D:1:      dpeg_arrival_short_road, layout_loops_ring
D:2:      layout_rooms, lemuel_crystal_altar, led_sif_pool, first_ration,
          fedhas_altar_3, uniq_natasha, uniq_jessica
D:3:      layout_basic, marbit_many_paths, uniq_sigmund

Skill      XL: |  1  2  3  4  5  6 |
---------------+-------------------+-----
Axes           | 2 3 4 |  4.2
Armour         | 3 4 |  4.2
Shields        | 3 |  3.6
Dodging        | 1 |  1.2
Fighting       | 4 |  4.0
Stealth        | |  0.1

Action                   |  1- 3 |  4- 6 || total
-------------------------+-------+-------++-------
Melee: War axe           |    95 |   163 ||   258
       Kick              |    13 |    38 ||    51
  Use: Scroll            |     2 |       ||     2
       Potion            |       |     1 ||     1
 Stab: Sleeping          |       |     1 ||     1
  Eat: Chunk             |     2 |     6 ||     8
Armor: Scale mail        |    52 |    34 ||    86
       Leather armour    |       |    30 ||    30
Dodge: Dodged            |    42 |    42 ||    84
Block: Shield            |    47 |   102 ||   149

Table legend:
 A = Non-vault XP
 B = Vault XP
 C = Vault XP percentage of total XP
 D = Non-vault monster count
 E = Vault monster count
 F = Vault count percentage of total count
                 A         B        C        D         E       F
            +---------+---------+-------+---------+---------+-------
      Total |     368 |     276 |  42.9 |      74 |       4 |   5.1
            +---------+---------+-------+---------+---------+-------
        D:1 |      47 |       0 |   0.0 |      20 |       0 |   0.0
        D:2 |     136 |      70 |  34.0 |      19 |       2 |   9.5
        D:3 |     185 |     206 |  52.7 |      35 |       2 |   5.4
            +---------+---------+-------+---------+---------+-------
